Minoru, lawful male human Samurai ---------- --------------- ##############|........| |..............# #------#######..........## |.............|### #|....+# #|..#.....|# |.............| # #|....|# #----|-----# |..............#####.....|#################### -----+--------- #------# ### # ######## # ### # # # * # # #### # # # ## # # ---------------- #### --------.----# ##...............| # # # |............# |..............| ###---------.--|--- |...........| |.....|........| #.........%%[o.(| |............######...............| |..........@...| ------------- ---------------- #...<...........| ---------------- Minoru the Ronin Experience level: 5 Strength: 15 Dexterity: 16 Constitution: 18 Intelligence: 10 Wisdom: 10 Charisma: 6 Health: 0(42) Energy: 19(19) AC: 4 Gold: 1088 Moves: 1278 Your Inventory: Coins $ - 1088 gold pieces Weapons a - an uncursed +0 katana (weapon in hand) b - an uncursed +3 wakizashi (alternate weapon; not wielded) c - a blessed +0 yumi d - 30 uncursed +0 ya (in quiver) Armor e - an uncursed rustproof +0 splint mail (being worn) A - an [uncursed +0] orcish helm Comestibles o - 2 [uncursed] fortune cookies r - an [uncursed] tin [of spinach] v - an [uncursed] gunyoki Scrolls n - a [cursed] scroll labeled THARR [of enchant armor] p - 2 [uncursed] scrolls labeled HACKEM MUCHE [of enchant weapon] s - 2 [uncursed] scrolls labeled VENZAR BORGAVVE [of teleportation] y - an [uncursed] scroll labeled VE FORBRYDERNE [of magic mapping] z - an [uncursed] scroll labeled PHOL ENDE WODAN [of food detection] Potions g - an [uncursed] ruby potion [of restore ability] h - an [uncursed] amber potion [of gain ability] i - an [uncursed] icy potion [of confusion] t - an [uncursed] silver potion [of see invisible] u - an [uncursed] viscous potion [of hallucination] Rings q - an [uncursed] gold ring [of teleport control] Wands j - an [uncursed] wand of striking [0:5] x - an [uncursed] crusty wand [of digging (0:8)] Tools f - an [uncursed tin] whistle Spells known in the end: Name Level Category Fail Memory Your skills at the end: Fighting Skills martial arts [Basic / Master] Weapon Skills short sword [Basic / Expert] long sword [Basic / Expert] bow [Basic / Expert] Spellcasting Skills Final Attributes: You were devoutly aligned. Hunger level was 581. Your alignment was 16 / 16. Monster difficulty range was 1 - 5. Level difficulty was 6. You were confused. You were fast. Your luck was zero. You are dead. Vanquished creatures: a gnome lord a floating eye 7 hill orcs a giant bat an acid blob a hobgoblin a giant rat a cave spider a gecko 2 jackals 2 foxes a goblin 3 sewer rats 2 kobold zombies a newt 26 creatures vanquished. Voluntary challenges: You were an atheist. You were illiterate. You used a wielded weapon 35 times. You put on armor 1 time. You never genocided any monsters. You never polymorphed an object. You never changed form. You used no wishes. You never wrote Elbereth's name. You never encountered a bones level. You never used any Sokoban shortcuts. Dungeon overview: The Dungeons of Doom: levels 1 to 6 Level 1 a fountain, a sink a long staircase Level 2 a weapon shop a long staircase Level 3 some fountains Level 4 some fountains Level 5 a fountain Level 6 <- You were here a sink History has recorded: On T:1 you entered the Dungeons of Doom to retrieve the Amulet of Yendor! On T:234 you reached level 2 of The Dungeons of Doom. On T:392 you advanced to experience level 2. On T:409 you reached level 3 of The Dungeons of Doom. On T:458 you advanced to experience level 3. On T:626 you reached level 4 of The Dungeons of Doom. On T:923 you advanced to experience level 4. On T:931 you reached level 5 of The Dungeons of Doom. On T:971 you reached level 6 of The Dungeons of Doom. On T:1257 you advanced to experience level 5. Latest messages: You miss the hill orc. The hill orc just misses! You miss the hill orc. The hill orc hits! [HP-1=11] You kill the hill orc! A - an orcish helm. Blecch! Rotten food! You feel rather light headed. You hear someone counting money. [HP+1=12] You stop eating the hill orc corpse. [3 turns] You kill the hill orc! $ - 11 gold pieces. You hit the hill orc! The hill orc hits! The hill orc zaps a ceramic wand! The wand hits the hill orc! The hill orc is killed! The wand misses you. [HP-4=8] The hill orc zaps a wand of striking! The wand hits you! You die... (2x) Final status: Sayonara Minoru the Samurai... You died in The Dungeons of Doom on dungeon level 6 with 1990 points, and 1088 pieces of gold, after 1278 moves. You were level 5 with a maximum of 42 hit points when you died.